Map: Vallée des cactus EC

Players

AgCl - Winner!

  • Race: Protoss Protoss
  • League: Grandmaster

EXTREME

  • Race: Zerg Zerg
  • League: Grandmaster

VOD

Have the link to the VOD?

Description

Time

  • Played on: May 29, 2015, 7:46 p.m.
  • Length: 9:50
Show
View Real Time Build Order
Export as new Build Order

AgCl Protoss - Winner!

Build Orders: Oracle Opening, Oracle Opening, Carrier Rush 

Get SALT Encoding   

  12  0:03  Probe  
  13  0:15  Probe  
  14  0:26  Pylon  
  14  0:30  Assimilator  
  14  0:44  Probe (Chrono Boost)  
  15  0:53  Assimilator  
  15  0:54  Gateway  
  15  0:56  Probe (Chrono Boost)  
  16  1:02  Probe (Chrono Boost)  
  17  1:13  Probe (Chrono Boost)  
  17  1:17  Pylon  
  18  1:21  Probe (Chrono Boost)  
  19  1:30  Probe (Chrono Boost)  
  20  1:42  Probe (Chrono Boost)  
  21  1:51  Cybernetics Core, Probe (Chrono Boost)  
  22  1:59  Probe  
  23  2:12  Probe (Chrono Boost)  
  24  2:24  Probe (Chrono Boost)  
  24  2:29  Adept  
  27  2:32  Mothership Core (Chrono Boost)  
  29  2:42  Stargate  
  29  2:43  Pylon  
  28  2:50  Probe (Chrono Boost)  
  29  2:57  Probe (Chrono Boost)  
  30  3:08  Warp Gate  
  30  3:10  Probe  
  31  3:15  Nexus  
  31  3:18  Pylon  
  31  3:25  Oracle (Chrono Boost)  
  34  3:27  Probe  
  35  3:39  Probe (Chrono Boost)  
  36  3:50  Fleet Beacon  
  36  3:51  Probe (Chrono Boost)  
  37  4:00  Adept  
  37  4:02  Probe (Chrono Boost)  
  37  4:14  Probe, Carrier (Chrono Boost)  
  38  4:26  Probe (Chrono Boost)  
  40  4:37  Probe (Chrono Boost)  
  40  4:38  Probe (Chrono Boost)  
  47  4:43  Assimilator  
  47  4:44  Probe x2 (Chrono Boost)  
  49  4:55  Probe (Chrono Boost)  
  49  4:59  Probe (Chrono Boost)  
  51  5:05  Protoss Air Weapons Level 1  
  51  5:07  Probe (Chrono Boost)  
  52  5:08  Assimilator  
  52  5:10  Probe (Chrono Boost)  
  52  5:13  Probe (Chrono Boost)  
  54  5:19  Probe  
  55  5:21  Pylon  
  55  5:24  Probe  
  55  5:26  Pylon  
  56  5:31  Void Ray (Chrono Boost)  
  60  5:39  Probe  
  60  5:40  Adept  
  61  5:54  Stargate  
  61  5:56  Probe (Chrono Boost)  
  63  5:57  Pylon  
  63  5:58  Gateway  
  63  6:00  Probe (Chrono Boost)  
  63  6:01  Carrier (Chrono Boost)  
  62  6:05  Probe (Chrono Boost)  
  62  6:06  Gateway  
  62  6:08  Probe (Chrono Boost)  
  63  6:12  Forge  
  63  6:16  Probe  
  70  6:19  Probe  
  71  6:28  Probe  
  71  6:31  Probe  
  73  6:33  Carrier (Chrono Boost)  
  73  6:40  Probe (Chrono Boost)  
  73  6:47  Probe (Chrono Boost)  
  71  6:52  Probe (Chrono Boost)  
  72  6:59  Probe (Chrono Boost)  
  72  7:00  Probe (Chrono Boost)  
  80  7:07  Probe  
  81  7:09  Probe  
  81  7:13  Adept  
  84  7:21  Probe (Chrono Boost)  
  83  7:29  Photon Cannon  
  83  7:31  Protoss Ground Weapons Level 1 (Chrono Boost)  
  83  7:38  Pylon  
  80  7:49  Photon Cannon  
  80  7:55  Pylon  
  80  7:56  Probe  
  80  7:58  Carrier (Chrono Boost)  
  81  8:10  Adept  
  81  8:18  Void Ray (Chrono Boost)  
  91  8:30  Pylon  
  89  8:40  Graviton Catapult (Chrono Boost)  
  89  8:41  Nexus  
  89  8:42  Assimilator  
  89  8:51  Assimilator  
  89  8:52  Pylon x2  
  89  8:53  Void Ray (Chrono Boost)  
  89  8:54  Gateway  
  93  8:56  Pylon  
  93  8:57  Gateway  
  93  9:15  Pylon  
  99  9:19  Pylon  
  99  9:23  Twilight Council, Pylon  
Show
View Real Time Build Order
Export as new Build Order

EXTREME Zerg 

Build Orders: Pool First 

Get SALT Encoding   

  12  0:01  Drone  
  13  0:09  Drone  
  14  0:25  Spawning Pool  
  13  0:29  Drone  
  13  0:33  Extractor  
  13  0:35  Drone  
  15  0:59  Hatchery  
  14  1:05  Overlord  
  14  1:23  Queen  
  17  1:25  Drone x2  
  17  1:32  Zergling x2  
  19  1:42  Extractor x2  
  17  2:30  Queen  
  21  2:37  Drone x6  
  21  2:38  Zergling x6  
  28  2:52  Overlord  
  28  3:15  Roach Warren  
  28  3:16  Drone x2  
  28  3:17  Drone  
  30  3:28  Lair  
  30  3:31  Drone x2  
  32  3:37  Drone  
  32  3:39  Overlord  
  29  4:20  Extractor  
  29  4:21  Spore Crawler, Extractor  
  29  4:22  Spore Crawler  
  23  4:28  Roach x3  
  23  4:29  Roach x4  
  37  4:35  Metabolic Boost  
  37  4:44  Drone  
  38  4:51  Glial Reconstitution  
  38  5:00  Drone x2  
  39  5:10  Zergling x8  
  39  5:11  Zergling x2  
  44  5:28  Overlord  
  42  5:54  Drone x3, Queen  
  42  5:55  Queen  
  49  6:05  Ravager  
  49  6:06  Ravager  
  49  6:07  Ravager  
  52  6:28  Overlord  
  52  6:30  Overlord x2  
  52  6:31  Overlord  
  52  6:50  Roach x4  
  52  6:51  Roach x3  
  64  7:14  Ravager x5  
  63  7:44  Drone  
  63  7:45  Drone x2, Queen  
  63  7:48  Spore Crawler  
  63  7:49  Spore Crawler  
  33  8:35  Drone x2  
  33  8:36  Drone  
  33  8:37  Hydralisk Den  
  35  8:49  Hatchery  
  36  9:06  Hydralisk x8  
  52  9:13  Zergling x6  
  55  9:22  Overseer  
Tags
 
Add a new tag
Caveats
  • Supply blocks, unpowered buildings, or Contaminate may cause inaccurate times.
  • Supply counts are checked every 10 seconds.